 Dungeon Crawl Stone Soup version 0.30-a0-341-g682706514a (webtiles) character file.

Game seed: 2025025399978312095

4290 ytrimaz the Fighter (level 10, -2/119 (120) HPs)
             Began as an Ogre Berserker on Nov 4, 2022.
             Was a Priest of Trog.
             Slain by a sky beast (5 damage)
             ... on level 8 of the Dungeon.
             The game lasted 00:09:45 (10771 turns).

ytrimaz the Fighter (Ogre Berserker)               Turns: 10771, Time: 00:09:45

HP:   -2/119 (120)  AC:  4    Str: 27    XL:     10   Next: 32%
MP:   10/10         EV: 10    Int:  8    God:    Trog [***...]
Gold: 696           SH:  0    Dex: 14    Spells: 9/9 levels left

rFire   . . .      SeeInvis .    q - +0 giant club
rCold   . . .      Faith    .    (shield currently unavailable)
rNeg    . . .      Spirit   .    b - +1 animal skin
rPois   .          Reflect  .    (helmet restricted)
rElec   .          Harm     .    (no cloak)
rCorr   .          Rampage  .    (gloves unavailable)
Will    +....                    (boots unavailable)
Stlth   +.........               (no amulet)
HPRegen 0.39/turn                A - +6 ring of dexterity
MPRegen 0.12/turn                (no ring)

@: about to teleport, on berserk cooldown, slowed, lightly drained, very slow
A: large, unfitting armour, tough skin 1
a: Renounce Religion, Berserk, Trog's Hand


You were on level 8 of the Dungeon.
You worshipped Trog.
Trog was most pleased with you.
You visited 2 branches of the dungeon, and saw 9 of its levels.
You also visited: Ossuary.

You collected 696 gold pieces.


Innate Abilities, Weirdness & Mutations

You are too large for most types of armour.
You have tough skin. (AC +1)


   Skills:
 + Level 13.9 Fighting
 + Level 10.0 Maces & Flails
 - Level 2.6 Dodging


You had 9 spell levels left.
You didn't know any spells.
Your spell library was empty.

Inventory:

Hand Weapons
 q - a +0 giant club (weapon)
   (You took it off a two-headed ogre on level 5 of the Dungeon)
 t - a +1 dire flail of protection
   (You took it off a two-headed ogre on level 5 of the Dungeon)
 w - a +0 giant spiked club
   (You took it off an ogre on level 5 of the Dungeon)
Missiles
 x - a throwing net (quivered)
 z - 8 boomerangs
Armour
 b - a +1 animal skin (worn)
Jewellery
 h - a ring of magical power
   (You found it on level 3 of the Dungeon)
 A - a +6 ring of dexterity (left hand)
   (You found it on level 6 of the Dungeon)
 B - a +6 ring of intelligence
   (You found it on level 7 of the Dungeon)
Wands
 o - a wand of polymorph (5)
   (You found it on level 5 of the Dungeon)
 u - a wand of charming (15)
   (You took it off Pikel on level 5 of the Dungeon)
 y - a wand of light (9)
   (You found it on level 6 of the Dungeon)
Scrolls
 a - a scroll of butterflies
 j - 2 scrolls of noise
 p - a scroll of fear
 s - a scroll of vulnerability
Potions
 c - a potion of attraction
 d - 5 potions of curing
 f - 3 potions of haste
 g - 3 potions of heal wounds
 i - 2 potions of resistance
 k - 2 potions of invisibility
 l - 2 potions of brilliance {unknown}
 m - a potion of ambrosia {unknown}
 n - a potion of might
 r - a potion of cancellation {unknown}
Miscellaneous
 v - a lightning rod (4/4)
   (You found it on level 5 of the Dungeon)

Dungeon Overview and Level Annotations

Branches:
Dungeon (8/15) Zot: 26728  Temple (1/1) D:7 Zot: 5630 Ossuary (visited)
   Lair: D:8-11

Altars:
Ashenzari
Dithmenos
Elyvilon
Fedhas
Gozag
Hepliaklqana
Kikubaaqudgha
Makhleb
Nemelex Xobeh
Okawaru
Ru
Trog
Uskayaw
Vehumet
Wu Jian
Xom
Yredelemnul
Zin
The Shining One

Annotations:
D:5 4 runed translucent doors

#.# #)##.##. #.#
##)##.##. #.#
#.)##.##.
#.###)###.##.
#.#...###.##.
#......#...#.
#........#...
#######......#...#.
#.@........).......
#.############...##
#o# ##.## #)# .#
#)# .# #....>.# ##
#......# .........
##......#


You could see an orc priest.


Message History

Unknown command.
You are too injured to fight recklessly!
You bludgeon the orc warrior!!
You kill the orc warrior!
Trog accepts your kill.
Your Maces & Flails skill increases to level 10!
You now have 177 max hp (+3).
Something hits you but does no damage.
Things that are here:
a +0 hand axe; a +0 plate armour; an orc corpse You are too injured to fight recklessly!
Unknown command.
You barely miss something.
A sky beast appears from thin air!
Reactivating autopickup.
Something hits you but does no damage.
Deactivating autopickup; reactivate with Ctrl-A. 😨 HP[+1]
You are too injured to fight recklessly!
You bludgeon something!! Trog accepts your kill.
Trog appreciates your killing of a magic user.
Reactivating autopickup.
You feel a bit more experienced.
You now have 178 max hp (+1).
Unknown command.
You are too injured to fight recklessly!
The orc completely misses you.
Things that are here:
a +0 dagger; a +0 robe You are too injured to fight recklessly!
You sock the orc!
You kill the orc!
Trog accepts your kill.
You are no longer berserk.
You are exhausted.
You feel yourself slow down.
The sky beast flickers out of sight!
Deactivating autopickup; reactivate with Ctrl-A. 😨 HP[-18]
You now have 119 max hp (-59).
You are too injured to fight recklessly!
You miss something. Something hits you.
* * * LOW HITPOINT WARNING * * *
Something shocks you.
* * * LOW HITPOINT WARNING * * *
😱 HP[-9]
You take 9 damage, and now have 27/119 hp.
You miss something. Something hits you.
* * * LOW HITPOINT WARNING * * *
Something shocks you.
* * * LOW HITPOINT WARNING * * *
Something hits you.
* * * LOW HITPOINT WARNING * * *
Something shocks you.
* * * LOW HITPOINT WARNING * * *
You are too injured to fight recklessly! 😱 HP[-15]
You take 15 damage, and now have 12/119 hp.
Unknown command.
Unknown command.
You feel much better.
Something hits you but does no damage. x2 😨 HP[+22]
You regained 22 hp, and now have 34/119 hp.
Okay, then.
You barely miss something. Something hits you.
* * * LOW HITPOINT WARNING * * *
Something shocks you.
* * * LOW HITPOINT WARNING * * *
😱 HP[-8]
You take 8 damage, and now have 26/119 hp.
Unknown command.
You miss something. Something hits you but does no damage. Something hits you.
* * * LOW HITPOINT WARNING * * *
Something shocks you.
* * * LOW HITPOINT WARNING * * *
😱 HP[-6]
You take 6 damage, and now have 20/119 hp.
Unknown command.
Things that are here:
a +0 hand axe; a +0 plate armour; an orc corpse
As you read the scroll of teleportation, it crumbles to dust.
You feel strangely unstable. Something hits you.
* * * LOW HITPOINT WARNING * * *
Something shocks you.
* * * LOW HITPOINT WARNING * * *
The orc priest looks satisfied for a moment.
The orc priest mumbles some strange prayers to Beogh against you.
Something writhes in agony!
Something hits you.
* * * LOW HITPOINT WARNING * * *
Something shocks you.
* * * LOW HITPOINT WARNING * * *
Something hits you but does no damage. 😱 HP[-15]
You take 15 damage, and now have 5/119 hp.
Unknown command.
Something hits you.
* * * LOW HITPOINT WARNING * * *
Something shocks you.
You die...

Skill      XL: |  1  2  3  4  5  6  7  8  9 10 |
---------------+-------------------------------+-----
Maces & Flails | 3 4 5 7 8 9 10 | 10.0
Fighting       | 5 6 7 10 11 13 | 13.9
Dodging        | |  2.6

Action                   |  1- 3 |  4- 6 |  7- 9 | 10-12 || total
-------------------------+-------+-------+-------+-------++-------
Melee: Mace              |   113 |   234 |    64 |       ||   411
       Punch             |       |     3 |       |       ||     3
       Giant club        |       |       |   102 |    69 ||   171
Invok: Berserk           |     3 |     5 |     5 |     3 ||    16
       Trog's Hand       |       |     1 |       |       ||     1
  Use: Scroll            |     2 |    10 |     4 |     3 ||    19
       Potion            |       |       |       |     1 ||     1
 Stab: Sleeping          |     1 |       |       |       ||     1
Armor: Animal skin       |    46 |    97 |    33 |    15 ||   191
Dodge: Dodged            |    84 |   169 |    96 |    27 ||   376

Levels and vault maps discovered:
D:1:      dpeg_arrival_fog, layout_basic, serial_co_window_serial,
          co_window_paths_a, co_window_of_opportunity_a, co_window_paths_b,
          co_window_corner_a, co_window_of_opportunity_a, co_window_corner_b,
          co_window_paths_c, co_window_corner_b, co_window_sun,
          co_window_4corner_b, glass_columns_a, glass_columns_a,
          glass_columns_b, amcnicky_mini_corridor_feature,
          chequers_serial_rivers_micro_c, chequers_decorated_corner,
          st_stairs_13
D:2:      layout_basic, serial_undead, serial_undead_f, serial_undead_f,
          serial_undead_e, serial_undead_b, serial_undead_b, serial_undead_a
D:3:      layout_basic, shapermc_ecumenical_altar_ellora
D:4:      layout_basic, mainiacjoe_overflow_tiny_flanked,
          amethyst_overflow_temple_binary, gup_ossuary_entry_pyramid
D:5:      layout_basic, eat_drink_and_be_merry_uskayaw, bloody_trog,
          minmay_statues_item, corexii_item_surrounded_by_moat,
          minmay_hollow_rounded_squares, uniq_pikel
D:6:      layout_basic, mainiacjoe_overflow_divided_tiny
D:7:      layout_layer_cave, minmay_temple_entry_crystal_x
D:8:      layout_loops_ring
Temple:   hellmonk_temple_flake

Notes
Turn   | Place    | Note
-------+----------+-------------------------------------------
     0 | D:1      | ytrimaz the Ogre Berserker began the quest for the Orb.
     0 | D:1      | Reached XP level 1. HP: 24/24 MP: 1/1
     0 | D:1      | magus.rc [v1.9.6]
    79 | D:1      | HP: 5/24 [frozen (2)]
   335 | D:1      | Reached skill level 3 in Maces & Flails
   335 | D:1      | Reached XP level 2. HP: 33/33 MP: 2/2
   576 | D:1      | Reached XP level 3. HP: 41/41 MP: 3/3
   681 | D:1      | Reached ** piety under Trog
   741 | D:1      | Reached skill level 5 in Fighting
  1187 | D:2      | HP: 15/63 [poisoned by an adder]
  1193 | D:2      | HP: 7/42 [poisoned by an adder]
  1332 | D:2      | Reached XP level 4. HP: 41/50 MP: 4/4
  2599 | D:3      | Reached skill level 4 in Maces & Flails
  2607 | D:3      | Reached XP level 5. HP: 52/59 MP: 5/5
  3026 | D:3      | Found a faded altar of an unknown god.
  3194 | D:3      | Noticed a water moccasin
  3203 | D:3      | Killed a water moccasin
  3204 | D:3      | Reached skill level 6 in Fighting
  3204 | D:3      | Reached XP level 6. HP: 51/68 MP: 6/6
  3855 | D:4      | Found a sand-covered staircase.
  3983 | D:4      | Found an opulent altar of Gozag.
  4005 | Ossuary  | Entered an ossuary
  4024 | Ossuary  | Reached *** piety under Trog
  4050 | Ossuary  | Reached skill level 7 in Fighting
  4299 | Ossuary  | Reached skill level 5 in Maces & Flails
  4758 | D:4      | Reached XP level 7. HP: 58/79 MP: 7/7
  5296 | D:4      | Reached skill level 8 in Fighting
  5431 | D:4      | Found a shimmering altar of Xom.
  5443 | D:4      | Found a white marble altar of Elyvilon.
  5697 | D:5      | Entered Level 5 of the Dungeon
  5728 | D:5      | HP: 30/120 [water moccasin (3)]
  5732 | D:5      | HP: 12/81 [poisoned by a water moccasin]
  5735 | D:5      | HP: 5/81 [poisoned by a water moccasin]
  5738 | D:5      | HP: 2/81 [poisoned by a water moccasin]
  6000 | D:5      | HP: 28/121 [ice beast (3)]
  6003 | D:5      | Reached skill level 6 in Maces & Flails
  6209 | D:5      | Noticed a two-headed ogre
  6220 | D:5      | HP: 23/121 [two-headed ogre/+0 giant club (31)]
  6221 | D:5      | Killed a two-headed ogre
  6222 | D:5      | Reached skill level 10 in Fighting
  6222 | D:5      | Reached skill level 7 in Maces & Flails
  6222 | D:5      | Reached XP level 8. HP: 21/94 MP: 8/8
  6339 | D:5      | Found a bloodstained altar of Trog.
  6523 | D:5      | Found a large runed translucent door.
  6523 | D:5      | Found a large runed translucent door.
  6526 | D:5      | Noticed a two-headed ogre
  6736 | D:5      | Noticed Pikel
  6746 | D:5      | Killed Pikel
  6747 | D:5      | Reached skill level 11 in Fighting
  6747 | D:5      | Reached skill level 8 in Maces & Flails
  6747 | D:5      | Reached XP level 9. HP: 90/106 MP: 9/9
  7105 | D:5      | Found a large runed translucent door.
  7105 | D:5      | Found a large runed translucent door.
  7230 | D:5      | Identified the +7 quarterstaff "Oxicuweg" {venom, rElec
                  | Will+ rCorr}
  7239 | D:5      | Noticed a two-headed ogre
  7246 | D:5      | Killed a two-headed ogre
  7247 | D:5      | Reached skill level 12 in Fighting
  7426 | D:5      | Found a hide-covered altar of Uskayaw.
  7493 | D:5      | Reached skill level 9 in Maces & Flails
  8023 | D:6      | Found a blossoming altar of Fedhas.
  8023 | D:6      | Found an ornate altar of the Wu Jian Council.
  8057 | D:6      | Reached skill level 13 in Fighting
  8721 | D:7      | Reached XP level 10. HP: 92/119 MP: 10/10
  9038 | D:7      | Found a staircase to the Ecumenical Temple.
  9052 | D:7      | HP: 38/178 [steam dragon/ball of steam (13)]
  9084 | Temple   | Entered the Ecumenical Temple
 10758 | D:8      | Reached skill level 10 in Maces & Flails
 10763 | D:8      | HP: 27/119 [something (6)]
 10764 | D:8      | HP: 12/119 [something (6)]
 10769 | D:8      | HP: 19/119 [something (2)]
 10769 | D:8      | HP: 5/119 [something (5)]
 10771 | D:8      | Slain by a sky beast

Vanquished Creatures
  2 two-headed ogres (D:5)
  Pikel (D:5)
  A steam dragon (D:7)
  3 water moccasins
  3 orc warriors
  2 ice beasts
  2 black bears (D:5)
  4 ogres
  A phantom (D:5)
  2 bullfrogs
  A scorpion (D:4)
  2 jellies
  4 wights (D:8)
  A howler monkey (D:5)
  2 hounds (D:5)
  2 orc priests
  4 iguanas
  3 orc wizards (D:8)
  9 mummies
  4 gnolls (D:7)
  6 adders
  2 shadow imps
  A white imp (D:5)
  5 ufetubi
  A worm (D:5)
  5 dart slugs
  7 orcs
  2 bat skeletons (D:2)
  12 endoplasms
  3 giant cockroaches
  2 gnoll zombies (Ossuary)
  5 goblins
  9 hobgoblins
  6 jackals
  3 quokkas
  7 ball pythons
  A ball python skeleton (D:2)
  A ball python zombie (D:2)
  8 bats
  3 frilled lizards
  2 hobgoblin zombies (Ossuary)
  13 kobolds
  A kobold zombie (Ossuary)
  3 orc zombies (Ossuary)
  A quokka skeleton (D:2)
  4 rats
166 creatures vanquished.

Vanquished Creatures (others)
  A bullfrog (D:7)
  6 withered plants (D:2)
7 creatures vanquished.

Grand Total: 173 creatures vanquished

Table legend:
 A = Non-vault XP
 B = Vault XP
 C = Vault XP percentage of total XP
 D = Non-vault monster count
 E = Vault monster count
 F = Vault count percentage of total count
                 A         B        C        D         E       F
            +---------+---------+-------+---------+---------+-------
      Total |    4067 |    2062 |  33.6 |     131 |      35 |  21.1
            +---------+---------+-------+---------+---------+-------
        D:1 |      63 |       4 |   6.0 |      33 |       2 |   5.7
        D:2 |      49 |       7 |  12.5 |      15 |       5 |  25.0
        D:3 |     229 |       0 |   0.0 |      23 |       0 |   0.0
        D:4 |     259 |      18 |   6.5 |      17 |       1 |   5.6
        D:5 |    1674 |    1879 |  52.9 |      12 |      11 |  47.8
        D:6 |     301 |       0 |   0.0 |       8 |       0 |   0.0
        D:7 |     644 |       0 |   0.0 |      11 |       0 |   0.0
        D:8 |     848 |       0 |   0.0 |      12 |       0 |   0.0
    Ossuary |       0 |     154 | 100.0 |       0 |      16 | 100.0
            +---------+---------+-------+---------+---------+-------

Illustrated notes

Table legend:
 A = Kills in this place as a percentage of kills in entire the game.
 B = Kills by you in this place as a percentage of kills by you in the entire game.
 C = Kills by friends in this place as a percentage of kills by friends in the entire game.
 D = Other kills in this place as a percentage of other kills in the entire game.
 E = Experience gained in this place as a percentage of experience gained in the entire game.
 F = Experience gained in this place divided by the number of levels of this place that you have seen.
                   A       B       C       D       E      F
               +-------+-------+-------+-------+-------+----------------------
         Total | 100.0 | 100.0 |   N/A |   N/A | 100.0 | 612.9
       Dungeon |  90.4 |  90.4 |   N/A |   N/A |  97.5 | 746.9
       Ossuary |   9.6 |   9.6 |   N/A |   N/A |   2.5 | 154.0
               +-------+-------+-------+-------+-------+----------------------

Table legend: (Time is in decaauts)
 A = Elapsed time spent in this place.
 B = Non-inter-level travel time spent in this place.
 C = Inter-level travel time spent in this place.
 D = Time resting spent in this place.
 E = Time spent auto-exploring this place.
 F = Levels seen in this place.
 G = Mean time per level.
                   A        B        C        D        E       F      G
               +--------+--------+--------+--------+--------+-----+--------+
         Total |  10995 |  10839 |    156 |    485 |   8838 |  10 | 1099.5 |
       Dungeon |  10014 |   9861 |    153 |    358 |   8147 |   8 | 1251.8 |
        Temple |    369 |    366 |      3 |      0 |    353 |   1 |  369.0 |
       Ossuary |    611 |    611 |      0 |    127 |    338 |   1 |  611.0 |
               +--------+--------+--------+--------+--------+-----+--------+

Top non-repeatable levels by time:
     D:5: 2219 daAuts
     D:7: 1448 daAuts
     D:3: 1425 daAuts
     D:4: 1357 daAuts
     D:2: 1239 daAuts
     D:1: 1199 daAuts
     D:6: 855 daAuts
 Ossuary: 611 daAuts
  Temple: 369 daAuts
     D:8: 269 daAuts
